 Dungeon Crawl Stone Soup version 0.21.1-1-g345015fe64 (webtiles) character file.

57 OlSheep the Chiller (level 3, -1/27 HPs)
             Began as a Draconian Ice Elementalist on July 3, 2018.
             Slain by Crazy Yiuf
             ... wielding a +3 quarterstaff of chaos
              (4 damage)
             ... on level 2 of the Dungeon.
             The game lasted 00:09:40 (2093 turns).

OlSheep the Chiller (Draconian Ice Elementalist)    Turns: 2093, Time: 00:09:41

Health: -1/27      AC:  5    Str: 10    XL:     3   Next: 73%
Magic:  7/7        EV: 12    Int: 16    God:
Gold:   72         SH:  0    Dex: 11    Spells: 5/8 levels left

rFire    . . .     SeeInvis .   q - +0 spear
rCold    . . .     Gourm    .   (no shield)
rNeg     . . .     Faith    .   (armour unavailable)
rPois    .         Spirit   .   (helmet restricted)
rElec    .         Reflect  .   (no cloak)
rCorr    .         Harm     .   (no gloves)
MR       .....                  (no boots)
Stlth    ++........             (no amulet)
HPRegen  0.09/turn              (no ring)
MPRegen  0.10/turn              (no ring)

@: lethally poisoned (-1 -> -6)
A: unfitting armour, cold-blooded, AC +5
a: no special abilities


You were on level 2 of the Dungeon.
You were not hungry.

You visited 1 branch of the dungeon, and saw 2 of its levels.

You collected 72 gold pieces.

Inventory:

Hand Weapons
 q - a +0 spear (weapon)
Missiles
 f - 8 poisoned needles
Armour
 o - a +0 shield
Jewellery
 c - a cursed -4 ring of strength {unknown}
 j - an uncursed ring of stealth {unknown}
Scrolls
 e - 2 scrolls of remove curse {unknown}
 h - 3 scrolls of identify {unknown}
 m - a scroll of teleportation {unknown}
Potions
 g - a potion of magic
 i - a potion of heal wounds {unknown}
 k - a potion of ambrosia {unknown}
 l - a potion of brilliance {unknown}
 n - a potion of curing {unknown}
Books
 a - a book of Frost

   Spells                             Type                      Level
   a - Freeze                         Ice                          1
   b - Throw Frost                    Conjuration/Ice              2
   c - Ozocubu's Armour               Charms/Ice                   3
   d - Throw Icicle                   Conjuration/Ice              4
   e - Summon Ice Beast               Ice/Summoning                4
Comestibles
 b - 3 rations


   Skills:
 + Level 0.5 Fighting
 + Level 1.7 Dodging
 - Level 1.7 Stealth
 + Level 3.0 Spellcasting
 + Level 1.3 Conjurations
 + Level 3.7 Ice Magic


You had 5 spell levels left.
You knew the following spells:

 Your Spells              Type           Power        Failure   Level  Hunger
a - Freeze                Ice            ##..         4%          1    #......
b - Throw Frost           Conj/Ice       ##....       10%         2    ##.....


Dungeon Overview and Level Annotations

Branches:
Dungeon (2/15)

Altars:

Annotations:
D:2 Crazy Yiuf


Innate Abilities, Weirdness & Mutations

Your plain brown scales are hard. (AC +5)
You cannot fit into any form of body armour.
You are cold-blooded and may be slowed by cold attacks.


Message History

Casting: Freeze
Confirm with . or Enter, or press ? or * to list all spells.
Aiming: Freeze
Press: ? - help, Shift-Dir - straight line, f/p - Crazy Yiuf
Aim: Crazy Yiuf, wielding a quarterstaff of chaos and wearing a runed cloak (heavily wounded)
You freeze Crazy Yiuf.
Crazy Yiuf is severely wounded.
Crazy Yiuf hits you with a quarterstaff of chaos.
You are poisoned.
You hit Crazy Yiuf.
Crazy Yiuf is almost dead.
You feel sick.
Crazy Yiuf hits you with a quarterstaff of chaos!
You are electrocuted!
* * * LOW HITPOINT WARNING * * *
It was a potion of magic.
Magic courses through your body.
* * * LOW HITPOINT WARNING * * *
You feel sick.
Crazy Yiuf hits you with a quarterstaff of chaos.
You die...

##...#.#
#.#.....###########..
##....#
#.#.#.#.############.
#.##.#
#.#................#.
#.####
##################.#.
#.# #... #.#
########## #.###♣♣
### #.........
#..#.P♣♣ ♣♣#..)#
##########
#....PP♣♣♣♣@g...#
##......♣..♣#...#
###.P.♣.♣♣♣ ###
##♣♣♣♣♣ ##########
###........#
#.########.# #.# #.#
#.# ##..


You could see Crazy Yiuf.

Vanquished Creatures
  An ooze (D:1)
  2 dart slugs (D:2)
  A leopard gecko (D:2)
  2 giant cockroaches (D:1)
  3 goblins (D:1)
  4 hobgoblins
  12 jackals
  8 bats
  3 frilled lizards
  5 kobolds
  2 rats (D:1)
43 creatures vanquished.

Notes
Turn   | Place    | Note
-------+----------+-------------------------------------------
     0 | D:1      | OlSheep the Draconian Ice Elementalist began the quest for the Orb.
     0 | D:1      | Reached XP level 1. HP: 14/14 MP: 3/3
   280 | D:1      | Reached XP level 2. HP: 20/20 MP: 0/5
   284 | D:1      | Learned a level 2 spell: Throw Frost
  1061 | D:1      | Reached XP level 3. HP: 26/26 MP: 0/7
  1622 | D:2      | Found a faded altar of an unknown god.
  2082 | D:2      | Found a runed door.
  2086 | D:2      | Noticed Crazy Yiuf
  2093 | D:2      | Slain by Crazy Yiuf

Skill      XL: |  1  2  3 |
---------------+----------+-----
Spellcasting   | 3 |  3.0
Fighting       | |  0.5
Dodging        | |  1.7
Stealth        | |  1.7
Conjurations   | |  1.3
Ice Magic      | |  3.7

Action                   || total
-------------------------++-------
Melee: Short sword       ||    42
       Tailslap          ||     4
       Spear             ||     3
 Cast: Freeze            ||    26
       Throw Frost       ||    30
  Use: Potion            ||     1
  Eat: Chunk             ||     6
Armor: Skin              ||    10
Dodge: Dodged            ||    39
